 Dungeon Crawl Stone Soup version 0.27-a0-1196-g3e9cee4cb2 (webtiles) character file.

Game seed: 15631352271422616953

7 EnegeticOcto the Stinger (level 2, -2/19 HPs)
             Began as a Gnoll Venom Mage on May 28, 2021.
             Was a Follower of the Shining One.
             Killed by divine providence
             ... invoked by an orc priest
              (15 damage)
             ... on level 3 of the Dungeon.
             The game lasted 00:01:26 (209 turns).

EnegeticOcto the Stinger (Gnoll Venom Mage)          Turns: 209, Time: 00:01:27

Health: -2/19      AC:  2    Str:  7    XL:     2   Next: 4%
Magic:  3/7        EV: 13    Int: 14    God:    the Shining One [*.....]
Gold:   12         SH:  0    Dex: 12    Spells: 9/10 levels left

rFire    . . .     SeeInvis .   (no weapon)
rCold    . . .     Faith    +   (no shield)
rNeg     . . .     Spirit   .   a - +0 robe
rPois    .         Reflect  .   (no helmet)
rElec    .         Harm     .   (no cloak)
rCorr    .         Rampage  .   (no gloves)
Will     .....                  (no boots)
Stlth    +.........             c - amulet of faith
HPRegen  0.06/turn              (no ring)
MPRegen  0.10/turn              (no ring)

@: glowing
A: fangs 1, strong nose, distributed training
a: Renounce Religion


You were on level 3 of the Dungeon.
You worshipped the Shining One.
The Shining One was aware of your devotion.
You visited 1 branch of the dungeon, and saw 3 of its levels.

You collected 12 gold pieces.

Inventory:

Hand Weapons
 g - a +2 whip of draining
   (You took it off a kobold on level 2 of the Dungeon)
Armour
 a - a +0 robe (worn)
Jewellery
 c - an amulet of faith (around neck)
   (You found it on level 2 of the Dungeon)
Scrolls
 b - a scroll of immolation {unknown}
 d - a scroll of identify {unknown}
 e - a scroll of magic mapping {unknown}
 h - a scroll of silence {unknown}
Potions
 f - a potion of brilliance {unknown}
 i - a potion of cancellation {unknown}
 j - a potion of curing {unknown}


   Skills:
 + Level 0.2 Fighting
 + Level 0.2 Short Blades
 + Level 0.2 Long Blades
 + Level 0.2 Axes
 + Level 0.2 Maces & Flails
 + Level 0.2 Polearms
 + Level 0.2 Staves
 + Level 0.2 Slings
 + Level 0.2 Bows
 + Level 0.2 Crossbows
 + Level 0.2 Throwing
 + Level 0.2 Armour
 + Level 4.4 Dodging
 + Level 4.0 Stealth
 + Level 0.2 Shields
 + Level 0.2 Unarmed Combat
 + Level 4.9 Spellcasting
 + Level 0.1 Conjurations
 + Level 0.1 Hexes
 + Level 0.1 Summonings
 + Level 0.1 Necromancy
 + Level 0.1 Translocations
 + Level 2.0 Transmutations
 + Level 0.1 Fire Magic
 + Level 0.1 Ice Magic
 + Level 0.1 Air Magic
 + Level 0.1 Earth Magic
 + Level 5.3 Poison Magic
 + Level 0.3 Invocations
 + Level 0.2 Evocations


You had 9 spell levels left.
You knew the following spells:

 Your Spells              Type           Power      Damage    Failure   Level
a - Sting                 Tmut/Pois      52%        1d5       4%          1

Your spell library contained the following spells:

 Spells                   Type           Power      Damage    Failure   Level
 Poisonous Vapours        Pois/Air       22%        N/A       9%          2
 Ignite Poison            Fire/Tmut/Pois 10%        N/A       19%         3
 Olgreb's Toxic Radiance  Pois           18%        N/A       19%         4
 Mephitic Cloud           Conj/Pois/Air  8%         N/A       24%         3


Dungeon Overview and Level Annotations

Branches:
Dungeon (3/15)

Altars:
The Shining One


Innate Abilities, Weirdness & Mutations

You have very sharp teeth.
Your uncanny sense of smell can sniff out nearby items.
Your experience applies equally to all skills.


Message History

A kobold comes into view. It is wielding a +2 whip of draining.
The kobold shouts!
Casting: Sting (safe; 4% risk of failure)
Confirm with . or Enter, or press ? or * to list all spells.
Aiming: Sting (safe; 4% risk of failure)
Press: ? - help, Shift-Dir - straight line, f - kobold
Aim: a kobold, wielding a +2 whip of draining (64% to hit)
You miscast Sting.
You are very lightly contaminated with residual magic.
Nothing appears to happen.
Casting: Sting (safe; 4% risk of failure)
Confirm with . or Enter, or press ? or * to list all spells.
Aiming: Sting (safe; 4% risk of failure)
Press: ? - help, Shift-Dir - straight line, f/p - kobold
Aim: a kobold, wielding a +2 whip of draining (64% to hit)
The sting hits the kobold.
The kobold is poisoned.
The kobold is moderately wounded.
Casting: Sting (safe; 4% risk of failure)
Confirm with . or Enter, or press ? or * to list all spells.
Aiming: Sting (safe; 4% risk of failure)
Press: ? - help, Shift-Dir - straight line, f/p - kobold
Aim: a kobold, wielding a +2 whip of draining (severely wounded, poisoned, haloed, 76% to hit)
The sting hits the kobold.
The kobold looks even sicker.
You kill the kobold!
Your Transmutations skill increases to level 2!
Things that are here:
a +2 whip of draining; 19 stones
Okay, then.
g - a +2 whip of draining Your magical contamination has completely faded away.
Found a stone staircase leading up.
There is a stone staircase leading up here.
You climb upwards.
There is a stone staircase leading down here.
Found a scroll labelled QUDITA KONIO.
Found a brown potion.
A hobgoblin comes into view.
The hobgoblin shouts!
The hobgoblin hits you.
You see here a scroll labelled QUDITA KONIO.
Casting: Sting (safe; 4% risk of failure)
Confirm with . or Enter, or press ? or * to list all spells.
Aiming: Sting (safe; 4% risk of failure)
Press: ? - help, Shift-Dir - straight line, f - hobgoblin
Aim: a hobgoblin (haloed, 81% to hit)
The sting hits the hobgoblin.
The hobgoblin is poisoned.
The hobgoblin is almost dead.
The hobgoblin hits you.
h - a scroll labelled QUDITA KONIO The hobgoblin hits you.
You kill the hobgoblin!
i - a brown potion
(D) Dungeon
Where to? (? - help)
There is a stone staircase leading down here.
You climb downwards.
Magic restored.
There is a stone staircase leading up here.
Found 26 stones.
Found an inky potion and 13 stones.
j - an inky potion
Found a stone staircase leading down.
(D) Dungeon
Where to? (Enter - D:2, ? - help)
There is a stone staircase leading down here.
You climb downwards.
An orc comes into view. It is wielding a +0 hand axe.
There is a stone staircase leading up here.
An orc comes into view. It is wielding a +0 flail.
The orc shouts!
You hear a shout! x2
An orc priest comes into view. It is wielding a +1 hand axe of venom.
An orc comes into view. It is wielding a +0 dagger.
Casting: Sting (safe; 4% risk of failure)
Confirm with . or Enter, or press ? or * to list all spells.
Aiming: Sting (safe; 4% risk of failure)
Press: ? - help, Shift-Dir - straight line, f - orc
Aim: an orc, wielding a +0 hand axe and wearing a +0 leather armour (71% to hit)
The sting hits the orc.
The orc is poisoned.
The orc is heavily wounded.
An orc comes into view. It is wielding a +0 club.
You kill the orc!
You have reached level 2!
Casting: Sting (safe; 4% risk of failure)
Confirm with . or Enter, or press ? or * to list all spells.
Aiming: Sting (safe; 4% risk of failure)
Press: ? - help, Shift-Dir - straight line, f - orc
Aim: an orc, wielding a +0 flail (71% to hit)
The sting hits the orc.
The orc is poisoned.
The orc is heavily wounded.
Casting: Sting (safe; 4% risk of failure)
Confirm with . or Enter, or press ? or * to list all spells.
Aiming: Sting (safe; 4% risk of failure)
Press: ? - help, Shift-Dir - straight line, f - orc, p - orc
Aim: an orc, wielding a +0 dagger (71% to hit)
The sting hits the orc.
The orc is poisoned.
The orc is severely wounded.
You kill the orc!
The orc priest invokes the aid of Beogh against you.
Beogh smites you!
Ouch! That really hurt!
You die...

## ####. ∆
.... #..
#####..###+##
.....o).....#
...o.)..@<#.#
#.###.#####
#. #


You could see an orc priest and an orc (poisoned).

Vanquished Creatures
  2 orcs (D:3)
  A goblin (D:1)
  2 hobgoblins
  A frilled lizard (D:1)
  A kobold (D:2)
7 creatures vanquished.

Notes
Turn   | Place    | Note
-------+----------+-------------------------------------------
     0 | D:1      | EnegeticOcto the Gnoll Venom Mage began the quest for the
                  | Orb.
     0 | D:1      | Reached XP level 1. HP: 13/13 MP: 6/6
    76 | D:2      | Found a faded altar of an unknown god.
    84 | D:2      | Became a worshipper of the Shining One
    84 | D:2      | Reached * piety under the Shining One
   140 | D:2      | Reached skill level 2 in Transmutations
   204 | D:3      | Noticed an orc priest
   208 | D:3      | Reached XP level 2. HP: 13/19 MP: 5/7
   209 | D:3      | Killed from afar by an orc priest

Illustrated notes

Levels and vault maps discovered:
D:1:      dpeg_arrival_more_subterranean_lakeside_camping, layout_basic
D:2:      layout_loops_ring, serial_glass, glass_columns_a, glass_columns_c,
          ebering_ecumenical_altar_mist, uniq_crazy_yiuf_cottage
D:3:      layout_basic

Skill      XL: |  1 |
---------------+----+-----
Transmutations | 2 |  2.0
Fighting       | |  0.2
Short Blades   | |  0.2
Long Blades    | |  0.2
Axes           | |  0.2
Maces & Flails | |  0.2
Polearms       | |  0.2
Staves         | |  0.2
Slings         | |  0.2
Bows           | |  0.2
Crossbows      | |  0.2
Throwing       | |  0.2
Armour         | |  0.2
Dodging        | |  4.4
Stealth        | |  4.0
Shields        | |  0.2
Unarmed Combat | |  0.2
Spellcasting   | |  4.9
Conjurations   | |  0.1
Hexes          | |  0.1
Summonings     | |  0.1
Necromancy     | |  0.1
Translocations | |  0.1
Fire Magic     | |  0.1
Ice Magic      | |  0.1
Air Magic      | |  0.1
Earth Magic    | |  0.1
Poison Magic   | |  5.3
Invocations    | |  0.3
Evocations     | |  0.2

Action                   || total
-------------------------++-------
 Cast: Sting             ||     9
Armor: Robe              ||     3
Dodge: Dodged            ||     3

Table legend: (Time is in decaauts)
 A = Elapsed time spent in this place.
 B = Non-inter-level travel time spent in this place.
 C = Inter-level travel time spent in this place.
 D = Time resting spent in this place.
 E = Time spent auto-exploring this place.
 F = Levels seen in this place.
 G = Mean time per level.
                   A        B        C        D        E       F      G
               +--------+--------+--------+--------+--------+-----+--------+
         Total |    210 |    203 |      7 |      0 |      0 |   3 |   70.0 |
       Dungeon |    210 |    203 |      7 |      0 |      0 |   3 |   70.0 |
               +--------+--------+--------+--------+--------+-----+--------+

Top non-repeatable levels by time:
     D:2: 139 daAuts
     D:1: 65 daAuts
     D:3: 5 daAuts
